[Event "45th FIDE Olympiad 2024"]
[Site "Budapest"]
[Date "2024.09.12"]
[Round "2.200"]
[White "Kassis, Antoine"]
[Black "Frempong-Smart, Daniel"]
[Result "1-0"]
[ECO "C43"]
[WhiteElo "2085"]
[BlackElo "1863"]
[Annotator "NA"]
[PlyCount "100"]
[EventDate "2024.09.05"]
[EventType "team-tourn"]
[EventCountry "HUN"]
[SourceTitle "playchess.com"]
[Source "ChessBase"]
[SourceQuality "1"]
[WhiteTeam "Lebanon"]
[BlackTeam "Ghana"]
[WhiteTeamCountry "LBN"]
[BlackTeamCountry "GHA"]
[TimeControl "40/5400+30:1800+30"]

1. e4 e5 2. Nf3 Nf6 3. d4 Nxe4 4. dxe5 d5 5. Nbd2 Be7 6. Bd3 Nc5 7. Be2 Bf5 8. O-O O-O 9. Nd4 Bd7 10. f4 Ne6 11. N2f3 Nxd4 12. Nxd4 c5 13. Nb3 Bf5 14. Bf3 c4 15. Nd4 Bc5 16. Kh1 Be4 17. Bxe4 dxe4 18. Nf5 g6 19. Ng3 f5 20. exf6 Qxd1 21. Rxd1 Re8 22. Re1 e3 23. Nf1 Bd4 24. c3 Bxf6 25. Bxe3 Nc6 26. Rad1 Rad8 27. Kg1 b5 28. a3 a5 29. Bb6 Rxe1 30. Rxe1 Rd6 31. Ng3 Kf7 32. Ne4 Re6 33. Bc5 Kg7 34. Kf2 Be7 35. Bxe7 Rxe7 36. Nd6 Rd7 37. Nxb5 Rb7 38. a4 Ne7 39. Re4 Nd5 40. Rxc4 Re7 41. Rd4 Nf6 42. h3 Ne4+ 43. Kf3 Nc5 44. Nd6 Re1 45. Ne4 Ne6 46. Rd7+ Kh6 47. Re7 Nf8 48. g4 Rf1+ 49. Kg3 Rg1+ 50. Kf2 Rb1 1-0

[Event "45th FIDE Olympiad 2024"]
[Site "Budapest"]
[Date "2024.09.12"]
[Round "2.201"]
[White "Lee, Junhyeok"]
[Black "Hemam, Moulaye Brahim"]
[Result "1-0"]
[ECO "C11"]
[WhiteElo "2364"]
[BlackElo "1977"]
[Annotator "TA"]
[PlyCount "128"]
[EventDate "2024.09.05"]
[EventType "team-tourn"]
[EventCountry "HUN"]
[SourceTitle "playchess.com"]
[Source "ChessBase"]
[SourceQuality "1"]
[WhiteTeam "South Korea"]
[BlackTeam "Mauritania"]
[BlackTeamCountry "MAU"]
[TimeControl "40/5400+30:1800+30"]

1. e4 e6 2. d4 d5 3. Nc3 Nf6 4. e5 Nfd7 5. f4 c5 6. Nf3 Nc6 7. Be3 cxd4 8. Nxd4 Bc5 9. Qd2 Nxd4 10. Bxd4 Bxd4 11. Qxd4 Qb6 12. Nb5 Qxd4 13. Nxd4 a6 14. h4 Nb8 15. h5 Nc6 16. Nf3 {White is slightly better.} Bd7 17. h6 g6 18. Bd3 Rc8 19. Kd2 Ke7 20. b3 Na7 21. a4 Nc6 22. Rhc1 f6 23. exf6+ Kxf6 24. Re1 Rhe8 25. Re2 {White has more active pieces.} Re7 (25... e5 $2 26. fxe5+ Ke7 27. Ng5 $18) 26. Rae1 Rce8 27. Ne5 Nxe5 28. Rxe5 (28. fxe5+ $6 Kg5 $14) 28... b5 29. a5 Rc8 30. g4 Ree8 $1 31. b4 Rg8 {[#]} 32. f5 $1 $36 {[%mdl 2048] White is on the roll.} gxf5 33. gxf5 Rg2+ 34. Kd1 (34. Kc1 $16 Rc6 35. fxe6 Rxe6 36. Rf5+ (36. Rxe6+ Bxe6 37. Rf1+ Ke7 $16) 36... Ke7 37. Rh1) 34... Rg5 $2 (34... Rc6 $1 $11) 35. Rxe6+ $18 Bxe6 36. Rxe6+ {[%mdl 4096] Endgame. KRR-KRB} Kf7 37. Rxa6 Rg4 38. Ra7+ Kf6 39. Rxh7 (39. Bxb5 $6 Rxb4 40. Bd3 Rh8 $16) 39... Rxb4 40. a6 (40. Rb7 $142 {[%cal Oa5a6] Black must now prevent a6!} Rh4 41. h7 (41. Rxb5 Ke5 $16)) 40... Ra8 (40... Rb1+ $16 {was worth a try.} 41. Kd2 Rh1) 41. Rg7 {[#] Strongly threatening Rg6+.} Rh4 42. Rg6+ ({Stronger than} 42. Bxb5 Rxh6 43. Rd7 Ke5 $11) 42... Ke5 43. Re6+ Kd4 44. Bxb5 Rh1+ $2 (44... Rh2 {might work better.} 45. Be2 Kc3 46. Rc6+ Kd4) 45. Kd2 Rh2+ 46. Kc1 Rh1+ $1 47. Kd2 Rh2+ {Black is now going downhill.} 48. Be2 Rf2 $2 (48... Rh3 49. Ke1 Rh2) 49. f6 Rf8 50. h7 (50. a7 $142 {c3+ would now be deadly.} Ra8 51. c3+ Kc5 52. Ke3 Rxf6 53. Rxf6 Rxa7 54. Bd3) 50... Rh2 51. a7 {[%cal Of6f7] White threatens f7! and mate.} Rxh7 52. Re7 Rhh8 53. f7 {And now Bb5 would win.} Ra8 $2 (53... Kc5 54. Ke3 Kd6) 54. Bb5 Kc5 {Prevents Bc6.} 55. Be8 Kb6 56. Ke3 Kc5 57. Kf4 {Kg5 is the strong threat.} Kd6 58. Rd7+ Ke6 59. Rb7 Kf6 60. Bc6 Rad8 61. Rd7 {Threatening mate with Rxd8.} Rdf8 62. Bxd5 Rh4+ 63. Ke3 Ke5 64. a8=Q Rh3+ {Weighted Error Value: White=0.39/Black=0.42.  Loses game:     	---       	Black=2      Mistake:       	White=2     	Black=3      Inaccurate:     	White=3     	Black=3      OK:         	White=20    	Black=10     Best:        	White=6     	Black=6      Strong:       	---       	Black=2} 1-0

[Event "45th FIDE Olympiad 2024"]
[Site "Budapest"]
[Date "2024.09.12"]
[Round "2.202"]
[White "Yahi, Mohamed Salem"]
[Black "Yun, Hungi"]
[Result "0-1"]
[ECO "A36"]
[WhiteElo "1868"]
[BlackElo "2124"]
[Annotator "NA"]
[PlyCount "92"]
[EventDate "2024.09.05"]
[EventType "team-tourn"]
[EventCountry "HUN"]
[SourceTitle "playchess.com"]
[Source "ChessBase"]
[SourceQuality "1"]
[WhiteTeam "Mauritania"]
[BlackTeam "South Korea"]
[WhiteTeamCountry "MAU"]
[TimeControl "40/5400+30:1800+30"]

1. e4 c5 2. c4 Nc6 3. Nc3 g6 4. g3 Bg7 5. Bg2 e6 6. Nge2 Nge7 7. O-O O-O 8. d3 a6 9. Be3 Nd4 10. Rb1 Nec6 11. f4 d6 12. a3 Rb8 13. Bf2 b5 14. Nxd4 cxd4 15. Ne2 e5 16. fxe5 dxe5 17. b4 Be6 18. c5 a5 19. Be1 axb4 20. axb4 Ra8 21. Ra1 Bh6 22. h3 Rxa1 23. Qxa1 Qa8 24. Qb2 Qa4 25. Kh2 Ra8 26. Ng1 Qd1 27. Bf2 Qxd3 28. Ra1 Rxa1 29. Qxa1 Nxb4 30. Nf3 Qc2 31. Be1 Nd3 32. Qa8+ Kg7 33. c6 Be3 34. Qa5 Qxc6 35. Bd2 Bxd2 36. Qxd2 Qc3 37. Bf1 Qxd2+ 38. Nxd2 Bc4 39. Kg2 Nb2 40. g4 Kf6 41. h4 Bxf1+ 42. Kxf1 Nc4 43. Nb3 Ne3+ 44. Ke2 Nxg4 45. Nc5 Ke7 46. Nd3 Kd6 0-1

[Event "45th FIDE Olympiad 2024"]
[Site "Budapest"]
[Date "2024.09.12"]
[Round "2.203"]
[White "Lee, Kyungseok"]
[Black "Cheikhna, Mohamed Lemine"]
[Result "1-0"]
[ECO "B07"]
[WhiteElo "2044"]
[BlackElo "1884"]
[Annotator "NA"]
[PlyCount "65"]
[EventDate "2024.09.05"]
[EventType "team-tourn"]
[EventCountry "HUN"]
[SourceTitle "playchess.com"]
[Source "ChessBase"]
[SourceQuality "1"]
[WhiteTeam "South Korea"]
[BlackTeam "Mauritania"]
[BlackTeamCountry "MAU"]
[TimeControl "40/5400+30:1800+30"]

1. d4 g6 2. e4 Bg7 3. Nc3 d6 4. h4 Nf6 5. Be2 h5 6. Nh3 c5 7. d5 Nbd7 8. Ng5 a6 9. a4 Ne5 10. Bf4 Nh7 11. Nf3 Ng4 12. O-O O-O 13. Bd3 Bd7 14. Qe2 Qc7 15. Rfe1 Rfc8 16. Bc4 Rcb8 17. e5 Bxa4 18. Rxa4 b5 19. Bxb5 axb5 20. Nxb5 Qb7 21. Rxa8 Rxa8 22. exd6 exd6 23. Bxd6 Nhf6 24. c4 Nd7 25. b3 Ngf6 26. Be7 Ne8 27. Qe3 Nc7 28. Nd6 Qb4 29. Nxf7 Kxf7 30. d6 Bd4 31. Qf4+ Kg7 32. dxc7 Ra2 33. Qxd4+ 1-0

[Event "45th FIDE Olympiad 2024"]
[Site "Budapest"]
[Date "2024.09.12"]
[Round "2.204"]
[White "Abdou, Ahmed Alem"]
[Black "Huh, Isaak"]
[Result "0-1"]
[ECO "A06"]
[WhiteElo "1897"]
[BlackElo "2114"]
[Annotator "ChessBase"]
[PlyCount "148"]
[EventDate "2024.09.05"]
[EventType "team-tourn"]
[EventCountry "HUN"]
[SourceTitle "playchess.com"]
[Source "ChessBase"]
[SourceQuality "1"]
[WhiteTeam "Mauritania"]
[BlackTeam "South Korea"]
[WhiteTeamCountry "MAU"]
[TimeControl "40/5400+30:1800+30"]

1. Nf3 d5 2. e3 Nf6 3. b3 Bg4 4. Bb2 Nbd7 5. Be2 Bxf3 6. Bxf3 e5 7. c4 c6 8. O-O Bd6 9. cxd5 cxd5 10. Nc3 e4 11. Be2 h5 12. g3 h4 13. Kg2 Ne5 14. Nb5 Bb8 15. Nd4 Qd7 16. Bb5 Nc6 17. Rh1 a6 18. Bxc6 bxc6 19. Rc1 Be5 20. f4 exf3+ 21. Qxf3 Ne4 22. Rc2 hxg3 23. Nf5 Bxb2 24. Rxb2 Nf2 25. Qxg3 Nxh1 26. Qe5+ Kd8 27. Qxg7 Kc7 28. Qe5+ Kb6 29. Rc2 Rae8 30. Qd4+ Kb7 31. Qb4+ Ka8 32. Qb6 Re6 33. Qxa6+ Qa7 34. Qxa7+ Kxa7 35. Kxh1 Kb6 36. Kg2 Rg6+ 37. Kh1 Rh5 38. Nd4 Rh3 39. Ne2 Rgh6 40. Nf4 Rxh2+ 41. Kg1 Rh1+ 42. Kg2 Ra1 43. Kf3 Rh2 44. Kg3 Rhh1 45. Nd3 Raf1 46. Nf2 Rc1 47. Rb2 Rb1 48. Nd3 Rxb2 49. Nxb2 Rc1 50. e4 Rc2 51. Na4+ Kc7 52. d3 dxe4 53. dxe4 Rxa2 54. Kf4 Kd6 55. Nb6 Kc5 56. Nc4 Kd4 57. Ne5 Rf2+ 58. Nf3+ Kc3 59. Ke3 Rxf3+ 60. Kxf3 Kxb3 61. Kf4 c5 62. e5 c4 63. Kf5 c3 64. Kf6 c2 65. Kxf7 c1=Q 66. e6 Kc4 67. e7 Qf4+ 68. Ke6 Qe4+ 69. Kf7 Qf5+ 70. Kg8 Qe6+ 71. Kf8 Qf6+ 72. Ke8 Kd5 73. Kd7 Qd6+ 74. Ke8 Ke6 0-1

[Event "45th FIDE Olympiad 2024"]
[Site "Budapest"]
[Date "2024.09.12"]
[Round "2.205"]
[White "Hamperl, Fred"]
[Black "Rakotomaharo, Fy Antenaina"]
[Result "0-1"]
[ECO "B40"]
[WhiteElo "1977"]
[BlackElo "2440"]
[Annotator "TA"]
[PlyCount "58"]
[EventDate "2024.09.05"]
[EventType "team-tourn"]
[EventCountry "HUN"]
[SourceTitle "playchess.com"]
[Source "ChessBase"]
[SourceQuality "1"]
[WhiteTeam "Guernsey"]
[BlackTeam "Madagascar"]
[BlackTeamCountry "MAD"]
[TimeControl "40/5400+30:1800+30"]

1. e4 c5 2. Nf3 e6 3. b3 Nc6 4. Bb2 a6 5. c4 Qc7 6. Na3 Nf6 7. Bd3 Bd6 8. O-O {The position is equal.} Ne5 9. Nxe5 Bxe5 10. Bxe5 Qxe5 11. Qe2 g5 12. g3 Rg8 13. Kh1 (13. Rab1 $11) 13... g4 ({Black should try} 13... b6 $1 $15) 14. Nc2 $11 b5 15. f4 (15. cxb5 axb5 16. f4 gxf3 17. Qxf3 Rg6 $15) 15... gxf3 16. Qxf3 Rg6 17. Ne3 {[%cal Oe3d5] And now Nd5! would win.} Kd8 {[#]} (17... Bb7 $6 18. Nd5 bxc4 (18... exd5 19. exd5 O-O-O 20. Bxg6 $11) 19. Nxf6+ $16) 18. Nd5 $2 exd5 $17 19. exd5 Rh6 20. Rae1 {[#]} Qd6 (20... Qh5 $1 $17 21. Qxh5 Nxh5 22. Rxf7 Nxg3+ 23. Kg1 bxc4 24. bxc4 Nh5) 21. Qe3 $2 {[#]} (21. Qf5 $11 bxc4 (21... Qxg3 22. Qxf6+ Rxf6 23. hxg3 $14) 22. bxc4) 21... Rxh2+ $3 $19 22. Kg1 {[#] Rxf6 is the strong threat.} Rh5 $1 23. Qf3 {[#] Inhibits Ng4.} (23. Be2 Nxd5 24. cxd5 Rxd5 25. Rxf7) 23... Kc7 $1 24. Re2 {[#]} (24. Re3 bxc4) 24... Rg5 25. Re3 (25. Rg2 Ng4) 25... Ng4 {Black is clearly winning.} 26. Re4 h5 27. Rf4 Bb7 28. Bf5 Ne5 29. Qf2 Rag8 {Weighted Error Value: White=1.01/Black=0.21 (precise) .  Loses game:     	White=1     	---        Mistake:       	White=3     	Black=2      Inaccurate:     	White=3     	Black=3      OK:         	White=3     	Black=8      Best:        	White=2     	Black=2      Strong:       	---       	Black=1      Brilliant:      	---       	Black=1} 0-1

[Event "45th FIDE Olympiad 2024"]
[Site "Budapest"]
[Date "2024.09.12"]
[Round "2.206"]
[White "Razanadrakotoarisoa, Toavina"]
[Black "Rowe, Peter"]
[Result "1-0"]
[ECO "B07"]
[WhiteElo "2147"]
[BlackElo "1973"]
[Annotator "NA"]
[PlyCount "65"]
[EventDate "2024.09.05"]
[EventType "team-tourn"]
[EventCountry "HUN"]
[SourceTitle "playchess.com"]
[Source "ChessBase"]
[SourceQuality "1"]
[WhiteTeam "Madagascar"]
[BlackTeam "Guernsey"]
[WhiteTeamCountry "MAD"]
[TimeControl "40/5400+30:1800+30"]

1. e4 d6 2. d4 Nf6 3. Nc3 e5 4. Nge2 Be7 5. h3 Nbd7 6. g3 c6 7. a4 a5 8. Bg2 h6 9. O-O O-O 10. g4 Rb8 11. d5 Nc5 12. Ng3 Bd7 13. Be3 cxd5 14. exd5 b6 15. f4 exf4 16. Bxf4 g5 17. Be3 Nh7 18. Bd4 f6 19. Qf3 Rf7 20. Nce4 Qf8 21. Nf5 Bxf5 22. Qxf5 Rd8 23. Ng3 Nd7 24. Qg6+ Qg7 25. Qh5 Ne5 26. Nf5 Qg6 27. Qxg6+ Nxg6 28. Nxh6+ Kg7 29. Nxf7 Kxf7 30. Bxb6 Rb8 31. Bxa5 Rxb2 32. Be4 Nhf8 33. Rfb1 1-0

[Event "45th FIDE Olympiad 2024"]
[Site "Budapest"]
[Date "2024.09.12"]
[Round "2.207"]
[White "Brookfield, Toby"]
[Black "Andriamasoandro, Miora"]
[Result "0-1"]
[ECO "B90"]
[WhiteElo "1872"]
[BlackElo "2116"]
[Annotator "NA"]
[PlyCount "76"]
[EventDate "2024.09.05"]
[EventType "team-tourn"]
[EventCountry "HUN"]
[SourceTitle "playchess.com"]
[Source "ChessBase"]
[SourceQuality "1"]
[WhiteTeam "Guernsey"]
[BlackTeam "Madagascar"]
[BlackTeamCountry "MAD"]
[TimeControl "40/5400+30:1800+30"]

1. e4 c5 2. Nf3 d6 3. d4 cxd4 4. Nxd4 Nf6 5. Nc3 a6 6. h3 e5 7. Nde2 h5 8. g3 Be7 9. Bg2 Nbd7 10. Be3 b5 11. f4 Bb7 12. O-O Qc7 13. Qd2 Rc8 14. Rac1 Nb6 15. Nd5 Bxd5 16. exd5 Nc4 17. Qc3 b4 18. Qb3 Nxe3 19. Qxe3 Qc5 20. Qxc5 Rxc5 21. fxe5 dxe5 22. c4 Ra5 23. Rfd1 Bc5+ 24. Kf1 Rh6 25. Ra1 Nd7 26. a3 Rf6+ 27. Ke1 bxa3 28. bxa3 Rxa3 29. Rxa3 Bxa3 30. Rb1 a5 31. Nc1 Bxc1 32. Rxc1 Nc5 33. Ke2 a4 34. Rc2 Rb6 35. Kd2 Ke7 36. Bf3 g6 37. Rc3 Rb2+ 38. Rc2 Nb3+ 0-1

[Event "45th FIDE Olympiad 2024"]
[Site "Budapest"]
[Date "2024.09.12"]
[Round "2.208"]
[White "Rakotomaharavo, Dylan"]
[Black "Hill, Jonathan"]
[Result "1-0"]
[ECO "D45"]
[WhiteElo "2078"]
[BlackElo "1756"]
[Annotator "NA"]
[PlyCount "93"]
[EventDate "2024.09.05"]
[EventType "team-tourn"]
[EventCountry "HUN"]
[SourceTitle "playchess.com"]
[Source "ChessBase"]
[SourceQuality "1"]
[WhiteTeam "Madagascar"]
[BlackTeam "Guernsey"]
[WhiteTeamCountry "MAD"]
[TimeControl "40/5400+30:1800+30"]

1. d4 d5 2. c4 c6 3. Nc3 Nf6 4. e3 e6 5. Nf3 Nbd7 6. Bd2 Be7 7. Qc2 b6 8. Rd1 Bb7 9. Bd3 Qc7 10. O-O h6 11. Rfe1 O-O 12. Qb1 Rac8 13. cxd5 cxd5 14. Rc1 Qb8 15. h3 Rfd8 16. a3 Bd6 17. Kh1 Re8 18. Qa2 Qa8 19. Bb1 Nf8 20. Qb3 Ne4 21. Kg1 Nxd2 22. Nxd2 Be7 23. f4 Qb8 24. Nf3 Bf6 25. Qc2 Qc7 26. Nxd5 Qxc2 27. Nxf6+ gxf6 28. Rxc2 Rxc2 29. Bxc2 Rc8 30. Bd3 Ng6 31. Kf2 h5 32. Re2 a6 33. Rc2 b5 34. Rxc8+ Bxc8 35. Be4 Kf8 36. Ne1 f5 37. Bf3 h4 38. Nd3 Ke7 39. Nc5 Kd6 40. Bh5 Kc7 41. g3 hxg3+ 42. Kxg3 Kc6 43. Bxg6 fxg6 44. Kh4 Kd6 45. Kg5 Ke7 46. Kxg6 Kf8 47. Kf6 1-0

[Event "45th FIDE Olympiad 2024"]
[Site "Budapest"]
[Date "2024.09.12"]
[Round "2.209"]
[White "Bai, Adelard"]
[Black "De Mey, Juan Pablo"]
[Result "1-0"]
[ECO "E06"]
[WhiteElo "2378"]
[BlackElo "1992"]
[Annotator "TA"]
[PlyCount "73"]
[EventDate "2024.09.05"]
[EventType "team-tourn"]
[EventCountry "HUN"]
[SourceTitle "playchess.com"]
[Source "ChessBase"]
[SourceQuality "1"]
[WhiteTeam "Chinese Taipei"]
[BlackTeam "Aruba"]
[BlackTeamCountry "ARN"]
[TimeControl "40/5400+30:1800+30"]

1. d4 d5 2. c4 e6 3. Nf3 Nf6 4. g3 Be7 5. Bg2 O-O 6. Nc3 Ne4 7. O-O f5 8. Nxe4 fxe4 9. Nd2 Bf6 {The position is equal.} 10. e3 c6 11. f3 exf3 12. Nxf3 Nd7 13. Qd3 Re8 14. Bd2 a5 15. e4 dxc4 16. Qxc4 Nb6 17. Qe2 ({White should play} 17. Qb3 $16) 17... Bd7 (17... e5 $14) 18. Rac1 (18. Be3 $142) 18... Rf8 $16 19. Be3 Be8 20. Bh3 Bf7 21. Ne5 {White is more active.} (21. Rf2 $16) 21... Bxe5 $14 22. dxe5 {[%cal Of1f7,Bd4e5,Be5d6,Bd6e7][%mdl 32] [#] Strongly threatening Rxf7!} Nd7 {Black is weak on the dark squares} 23. Rcd1 {Hoping for Qd2.} Qe7 24. Bf4 $36 {[%mdl 2048] White has some pressure.} Rad8 25. Rd6 {And now Qd2 would win.} Nc5 $2 (25... g5 $1 $11 {and Black stays safe.} 26. Bd2 Nxe5 27. Rxd8 Rxd8) 26. Rfd1 (26. Qe3 $18 {and the rest is easy.} b6 27. Bg5 (27. Rxc6 h6 $14)) 26... Rxd6 27. exd6 ({Don't take} 27. Rxd6 Re8 $16) 27... Qd8 (27... Qe8 $16) 28. Qe3 $18 Nd7 {[#]} 29. Bg5 $1 Qc8 30. Be7 {White is clearly winning.} Re8 31. Rf1 Rxe7 32. dxe7 Qe8 33. Qa3 c5 34. Qxa5 {Threatening mate with Qd8.} Qxe7 35. Qc7 b6 (35... c4 $142 36. Rd1 (36. Qxc4 h6 $18) (36. Qxb7 h5 $18) 36... Be8) 36. Rd1 Be8 37. Qd6 {Weighted Error Value: White=0.20 (precise) /Black=0.38.  Loses game:     	---       	Black=2      Missed win:     	White=1     	---        Mistake:       	White=3     	Black=2      Inaccurate:     	White=3     	Black=5      OK:         	White=10    	Black=9      Best:        	---       	Black=6      Strong:       	White=1     	---} 1-0

[Event "45th FIDE Olympiad 2024"]
[Site "Budapest"]
[Date "2024.09.12"]
[Round "2.210"]
[White "Stetsenko, Ilya"]
[Black "Song, Raymond"]
[Result "0-1"]
[ECO "E04"]
[WhiteElo "1903"]
[BlackElo "2503"]
[Annotator "TA"]
[PlyCount "72"]
[EventDate "2024.09.05"]
[EventType "team-tourn"]
[EventCountry "HUN"]
[SourceTitle "playchess.com"]
[Source "ChessBase"]
[SourceQuality "1"]
[WhiteTeam "Aruba"]
[BlackTeam "Chinese Taipei"]
[WhiteTeamCountry "ARN"]
[TimeControl "40/5400+30:1800+30"]

1. d4 Nf6 2. c4 e6 3. Nf3 d5 4. g3 Bb4+ 5. Nbd2 dxc4 6. Bg2 O-O 7. Qc2 a5 8. Qxc4 b6 9. a3 Be7 {Black is slightly better.} 10. Ne5 Ba6 11. Qc2 Ra7 12. Ndf3 c5 13. Be3 (13. Bf4 $15) 13... Rc7 {[#] And now ...cxd4 would win.} 14. Rc1 (14. dxc5 $15 Nd5 15. Bd4) 14... Nd5 $17 {Threatens to win with ...cxd4.} 15. Qd2 Nxe3 16. fxe3 Nd7 17. Nxd7 Qxd7 18. Ne5 Qb5 19. Bf3 c4 (19... Bg5 $17 {[%cal Og5e3] aiming for ...Bxe3!} 20. Nd3 Rcc8) 20. O-O $15 Bd6 21. Ng4 Qg5 22. Rfd1 Rcc8 {Black is more active.} 23. e4 (23. Kg2 $15) 23... Qxd2 $17 24. Rxd2 b5 25. Rdc2 Rfd8 26. a4 {This move loses the game for White.} bxa4 27. d5 (27. e5 $17 {was called for.} Bb4 28. e3) 27... a3 $19 28. bxa3 Bxa3 29. Rb1 exd5 30. exd5 f6 {Repels Ne5} 31. e4 $2 {[#]} (31. Nf2 {might work better.}) 31... c3 32. Rd1 {Repels Bd3} Bb5 33. Ra2 $2 (33. Ne3) 33... c2 {Black is clearly winning.} 34. Rxa3 cxd1=Q+ ({Not} 34... c1=B 35. Ra1 (35. Rxa5 Be8 $16) 35... Bg5 36. Rxa5 $14) 35. Bxd1 Rc1 36. Ne3 Be2 {Weighted Error Value: White=0.43/Black=0.13 (very precise) .  Mistake:       	White=7     	Black=1      Inaccurate:     	White=2     	Black=3      OK:         	White=3     	Black=9      Best:        	White=1     	Black=2} 0-1

[Event "45th FIDE Olympiad 2024"]
[Site "Budapest"]
[Date "2024.09.12"]
[Round "2.211"]
[White "Yang, Ching Wei"]
[Black "Pesqueira, Jose"]
[Result "1/2-1/2"]
[ECO "D45"]
[WhiteElo "2121"]
[BlackElo "1880"]
[Annotator "NA"]
[PlyCount "70"]
[EventDate "2024.09.05"]
[EventType "team-tourn"]
[EventCountry "HUN"]
[SourceTitle "playchess.com"]
[Source "ChessBase"]
[SourceQuality "1"]
[WhiteTeam "Chinese Taipei"]
[BlackTeam "Aruba"]
[BlackTeamCountry "ARN"]
[TimeControl "40/5400+30:1800+30"]

1. d4 d5 2. c4 c6 3. Nc3 Nf6 4. e3 e6 5. Nf3 Nbd7 6. Be2 Be7 7. O-O O-O 8. b3 Re8 9. Bb2 Bd6 10. Rc1 Qe7 11. Rc2 a6 12. a4 h6 13. Re1 Bb4 14. Bd3 Ne4 15. Ne5 Nxe5 16. dxe5 Nxc3 17. Bxc3 Bxc3 18. Rxc3 Rd8 19. c5 Bd7 20. Bb1 f6 21. exf6 Qxf6 22. Qc2 e5 23. e4 d4 24. Rf3 Qe7 25. Rg3 Rf8 26. Qc1 Rf6 27. Bd3 Raf8 28. f3 Be6 29. b4 Qd7 30. Re2 Kh8 31. Rb2 Rc8 32. b5 cxb5 33. axb5 Qc7 34. bxa6 bxa6 35. Bxa6 Qxc5 1/2-1/2

[Event "45th FIDE Olympiad 2024"]
[Site "Budapest"]
[Date "2024.09.12"]
[Round "2.212"]
[White "Antonio, Kyell-Jean"]
[Black "Wang, Ting-Hao"]
[Result "0-1"]
[ECO "B13"]
[WhiteElo "1763"]
[BlackElo "1842"]
[Annotator "NA"]
[PlyCount "64"]
[EventDate "2024.09.05"]
[EventType "team-tourn"]
[EventCountry "HUN"]
[SourceTitle "playchess.com"]
[Source "ChessBase"]
[SourceQuality "1"]
[WhiteTeam "Aruba"]
[BlackTeam "Chinese Taipei"]
[WhiteTeamCountry "ARN"]
[TimeControl "40/5400+30:1800+30"]

1. e4 c6 2. d4 d5 3. exd5 cxd5 4. c4 Nf6 5. Nc3 Nc6 6. Nf3 Bg4 7. Be3 e6 8. a3 Be7 9. Be2 O-O 10. O-O a6 11. c5 Ne4 12. Qc2 f5 13. Qc1 Bf6 14. Rd1 g5 15. g3 Qe7 16. b4 Qg7 17. Ra2 f4 18. Nxe4 dxe4 19. Nxg5 fxe3 20. Bxg4 Bxg5 21. Bxe6+ Kh8 22. fxe3 Nxd4 23. Bd5 Nc6 24. Re2 Rae8 25. Qc2 Qe5 26. Kg2 Rd8 27. Bc4 Rxd1 28. Qxd1 Qf6 29. Qe1 Ne5 30. Rf2 Qxf2+ 31. Qxf2 Rxf2+ 32. Kxf2 Nxc4 0-1

[Event "45th FIDE Olympiad 2024"]
[Site "Budapest"]
[Date "2024.09.12"]
[Round "2.213"]
[White "Righi, Ezio"]
[Black "Giron, Jorge Ernesto"]
[Result "0-1"]
[ECO "B26"]
[WhiteElo "1909"]
[BlackElo "2276"]
[Annotator "ChessBase"]
[PlyCount "98"]
[EventDate "2024.09.05"]
[EventType "team-tourn"]
[EventCountry "HUN"]
[SourceTitle "playchess.com"]
[Source "ChessBase"]
[SourceQuality "1"]
[WhiteTeam "San Marino"]
[BlackTeam "El Salvador"]
[WhiteTeamCountry "SMR"]
[BlackTeamCountry "ESA"]
[TimeControl "40/5400+30:1800+30"]

1. e4 c5 2. Nc3 Nc6 3. g3 g6 4. Bg2 Bg7 5. d3 e6 6. Be3 d6 7. Qd2 Rb8 8. Nge2 b5 9. O-O Nd4 10. Nd1 e5 11. c3 Nxe2+ 12. Qxe2 b4 13. f4 bxc3 14. Nxc3 Ne7 15. f5 f6 16. h4 Rb4 17. Rf2 Bd7 18. Raf1 gxf5 19. exf5 Kf8 20. a3 Rb3 21. g4 h6 22. g5 hxg5 23. hxg5 Be8 24. Qg4 Bf7 25. Ne4 Nd5 26. Bc1 Rxd3 27. g6 Bg8 28. Qe2 Rd4 29. Qa6 Qb6 30. Qxb6 Nxb6 31. b4 c4 32. a4 Bd5 33. a5 Nc8 34. Be3 Rd3 35. Re1 Rh4 36. Ng3 Bxg2 37. Kxg2 d5 38. Bc5+ Kg8 39. Rb1 e4 40. b5 Rg4 41. b6 axb6 42. axb6 Rgxg3+ 43. Kf1 Rb3 44. Rfb2 Nxb6 45. Bxb6 Bf8 46. Bd4 Ba3 47. Rxb3 Rxb3 48. Ra1 c3 49. Ke1 c2 0-1

[Event "45th FIDE Olympiad 2024"]
[Site "Budapest"]
[Date "2024.09.12"]
[Round "2.214"]
[White "Arias, Daniel"]
[Black "Volpinari, Danilo"]
[Result "1-0"]
[ECO "B47"]
[WhiteElo "2213"]
[BlackElo "1939"]
[Annotator "ChessBase"]
[PlyCount "75"]
[EventDate "2024.09.05"]
[EventType "team-tourn"]
[EventCountry "HUN"]
[SourceTitle "playchess.com"]
[Source "ChessBase"]
[SourceQuality "1"]
[WhiteTeam "El Salvador"]
[BlackTeam "San Marino"]
[WhiteTeamCountry "ESA"]
[BlackTeamCountry "SMR"]
[TimeControl "40/5400+30:1800+30"]

1. e4 c5 2. Nf3 e6 3. d4 cxd4 4. Nxd4 Nc6 5. Nc3 Qc7 6. g3 Nf6 7. Bg2 Nxd4 8. Qxd4 Bc5 9. Qd1 d6 10. Na4 e5 11. O-O Be6 12. Nxc5 dxc5 13. f4 Rd8 14. Qe2 O-O 15. b3 c4 16. f5 Bd7 17. g4 Bb5 18. g5 Ne8 19. Be3 f6 20. a4 Ba6 21. b4 b6 22. a5 Bb5 23. axb6 axb6 24. Qf2 Rb8 25. Rfd1 Nd6 26. Qg3 Kh8 27. Qh4 fxg5 28. Bxg5 Rbe8 29. Ra3 Nf7 30. Be3 Rd8 31. Rda1 Qd6 32. Qf2 Rb8 33. Ra7 Qc6 34. Re7 Nd6 35. Rxe5 Qc7 36. Bf4 Qd7 37. Rd5 Rf6 38. Rad1 1-0